 Dungeon Crawl Stone Soup version 0.31-a0-174-g85c54bcb58 (webtiles) character file.

Game seed: 14326096937387751593

49 qw the Shooter (level 3, -3/32 HPs)
             Began as a Naga Hunter on June 15, 2023.
             Slain by a goblin
             ... wielding a +0 dagger
              (4 damage)
             ... on level 2 of the Dungeon.
             The game lasted 00:00:23 (882 turns).

qw the Shooter (Naga Hunter)                         Turns: 882, Time: 00:00:24

Health: -3/32      AC:  3    Str: 13    XL:     3   Next: 77%
Magic:  3/3        EV:  9    Int:  9    God:
Gold:   43         SH:  0    Dex: 16    Spells: 2/2 levels left

rFire   . . .        Y - +0 shortbow
rCold   . . .        (shield currently unavailable)
rNeg    . . .        c - +0 leather armour
rPois   +            (no helmet)
rElec   .            (no cloak)
rCorr   .            g - +0 pair of gloves
SInv    +            (no barding)
Will    .....        (no amulet)
Stlth   ++           (no ring)
HPRegen 0.25/turn    (no ring)
MPRegen 0.08/turn

%: no passive effects
@: short of breath, very slow
A: AC +1, large, see invisible, deformed body, poison resistance, slowness 2,
spit poison 1, naga tail 1
a: Spit Poison


You were on level 2 of the Dungeon.
You visited 1 branch of the dungeon, and saw 2 of its levels.

You collected 43 gold pieces.


Innate Abilities, Weirdness & Mutations

Your serpentine skin is tough. (AC +1)
You have supernaturally acute eyesight. (SInv)
Armour fits poorly on your strangely shaped body.
Your system is resistant to poisons. (rPois)
You cover ground very slowly.
You can spit poison.
You have a snake-like lower body.


   Skills:
 - Level 2.0 Fighting
 + Level 4.8 Ranged Weapons
 - Level 1.5 Dodging
 - Level 1.5 Stealth


You had 2 spell levels left.
You didn't know any spells.
Your spell library was empty.

Inventory:

Hand Weapons
 Y - a +0 shortbow (weapon)
Armour
 c - a +0 leather armour (worn)
 g - a +0 pair of gloves (worn)
Jewellery
 a - a +4 ring of slaying {mikee}
Scrolls
 b - a scroll of amnesia {unknown}
Potions
 d - a potion of haste {unknown}
 h - a potion of might {unknown}

Dungeon Overview and Level Annotations

Branches:
Dungeon (2/15)

Altars:

Shops:
D:1 [

Annotations:
D:2 Robin


Message History

A goblin comes into view. It is wielding a +0 dagger.
The goblin closely misses you. The goblin hits you with a +0 club.
The goblin shoots a sling bullet.
The sling bullet barely misses you.
You shoot an arrow. The arrow hits the goblin!
You kill the goblin!
You have got your breath back.
The goblin barely misses you.
The goblin shoots a sling bullet.
The sling bullet hits you.
877 ||| INVOKING Spit Poison.
Aiming: Spit Poison (2% risk of failure)
Press: ? - help, Shift-Dir - straight line, f - goblin The splash of poison hits the goblin!
You kill the goblin!
The ball python bites you but does no damage.
You shoot an arrow. The arrow hits the goblin!
You kill the goblin!
The ball python bites you but does no damage.
The goblin unwields a +0 sling.
The goblin wields a +0 dagger.
The goblin hits you with a +0 dagger. The ball python bites you.
Robin roars a battlecry!
The goblins go into a battle-frenzy!
You shoot an arrow. The arrow misses the goblin.
The goblin hits you but does no damage. The ball python barely misses you.
Robin flexes a bicep menacingly.
The goblin misses you.
You shoot an arrow. The arrow hits Robin.
Robin is lightly wounded.
You have got your breath back.
The ball python closely misses you. Robin throws the goblin at you!
The goblin hits you but does no damage. The ball python bites you.
881 ||| INVOKING Spit Poison.
Aiming: Spit Poison (2% risk of failure)
Press: ? - help, Shift-Dir - straight line, f/p - Robin The splash of poison hits Robin.
Robin is poisoned.
Robin is lightly wounded.
The ball python barely misses you. The goblin hits you but does no damage.
You shoot an arrow. The arrow barely misses Robin.
The ball python barely misses you. Robin closely misses you.
The goblin hits you with a +0 dagger.
You die...

#>.###.........
#.....####.### ..
##..######..# #
.#.########..........##
#
..............########
# #.........##...# #
.##....#.######...#
....<#.#g########...
#......S@))...# ##
...##.gg.....#
#))#####.... ##.. ...
###. . #S #g ). ..


You could see Robin (poisoned), 2 goblins and a ball python.

Vanquished Creatures
  A worm (D:2)
  2 ball pythons (D:1)
  5 bats (D:1)
  An endoplasm (D:1)
  A giant cockroach (D:1)
  4 hobgoblins
  2 jackals (D:1)
  A frilled lizard (D:1)
  16 goblins
  3 kobolds
  3 rats (D:1)
39 creatures vanquished.

Vanquished Creatures (others)
  A goblin (D:2)
1 creature vanquished.

Grand Total: 40 creatures vanquished

Notes
Turn   | Place    | Note
-------+----------+-------------------------------------------
     0 | D:1      | qw the Naga Hunter began the quest for the Orb.
     0 | D:1      | Reached XP level 1. HP: 19/19 MP: 1/1
     0 | D:1      | 0 ||| qw: Version: 0.2-a-29-g511e9b1
     0 | D:1      | 0 ||| qw: Game counter: 5240
     0 | D:1      | 0 ||| qw: Always use a shield: true
     0 | D:1      | 0 ||| qw: God list: Okawaru
     0 | D:1      | 0 ||| qw: Allow faded altars: false
     0 | D:1      | 0 ||| qw: Do Orc after D:15 true
     0 | D:1      | 0 ||| qw: Do second Lair branch before Depths: true
     0 | D:1      | 0 ||| qw: Lair rune preference: random
     0 | D:1      | 0 ||| qw: Plans: Normal
     0 | D:1      | 0 ||| PLANNING D:1-11
    25 | D:1      | Found Suinangi's Armour Emporium.
    27 | D:1      | 27 ||| INVOKING Spit Poison.
    31 | D:1      | 31 ||| SHOPLISTING +0 pair of fencer's gloves {Riposte
                  | Dex+3} (440 gold, have 0).
    90 | D:1      | 90 ||| INVOKING Spit Poison.
   107 | D:1      | 107 ||| INVOKING Spit Poison.
   110 | D:1      | 110 ||| INVOKING Spit Poison.
   115 | D:1      | 115 ||| INVOKING Spit Poison.
   129 | D:1      | Reached skill level 4 in Ranged Weapons
   129 | D:1      | Reached XP level 2. HP: 26/26 MP: 2/2
   202 | D:1      | 202 ||| INVOKING Spit Poison.
   206 | D:1      | 206 ||| INVOKING Spit Poison.
   231 | D:1      | 231 ||| INVOKING Spit Poison.
   256 | D:1      | 256 ||| INVOKING Spit Poison.
   261 | D:1      | 261 ||| INVOKING Spit Poison.
   262 | D:1      | 262 ||| INVOKING Spit Poison.
   266 | D:1      | 266 ||| INVOKING Spit Poison.
   359 | D:1      | 359 ||| INVOKING Spit Poison.
   382 | D:1      | 382 ||| INVOKING Spit Poison.
   388 | D:1      | 388 ||| INVOKING Spit Poison.
   466 | D:1      | 466 ||| INVOKING Spit Poison.
   479 | D:1      | 479 ||| INVOKING Spit Poison.
   548 | D:1      | 548 ||| INVOKING Spit Poison.
   549 | D:1      | Reached XP level 3. HP: 32/32 MP: 3/3
   586 | D:1      | 586 ||| INVOKING Spit Poison.
   719 | D:1      | 719 ||| INVOKING Spit Poison.
   774 | D:1      | 774 ||| UPGRADING to +0 pair of gloves.
   779 | D:1      | 779 ||| READING scroll labelled BIGIAV GAPNUA.
   780 | D:1      | 780 ||| READING scroll labelled JASUCH DEWULLIVI.
   781 | D:1      | 781 ||| READING scroll labelled QOSAAC TEGRAU.
   782 | D:1      | 782 ||| DROPPING scroll of butterflies.
   802 | D:2      | 802 ||| INVOKING Spit Poison.
   815 | D:2      | 815 ||| INVOKING Spit Poison.
   820 | D:2      | 820 ||| INVOKING Spit Poison.
   823 | D:2      | 823 ||| INVOKING Spit Poison.
   861 | D:2      | Noticed Robin
   862 | D:2      | 862 ||| INVOKING Spit Poison.
   867 | D:2      | 867 ||| INVOKING Spit Poison.
   870 | D:2      | 870 ||| INVOKING Spit Poison.
   871 | D:2      | 871 ||| Stepping ~*~*~tactically~*~*~ (outnumbered).
   873 | D:2      | 873 ||| INVOKING Spit Poison.
   876 | D:2      | HP: 7/32 [goblin/sling bullet[Robin] (4)]
   877 | D:2      | 877 ||| INVOKING Spit Poison.
   880 | D:2      | HP: 1/32 [ball python (3)]
   881 | D:2      | 881 ||| INVOKING Spit Poison.
   882 | D:2      | Slain by a goblin

Levels and vault maps discovered:
D:1:      dpeg_arrival_pits, layout_basic, serial_shops, shop
D:2:      layout_rooms, uniq_sigmund, uniq_robin

Skill      XL: |  1 |
---------------+----+-----
Ranged Weapons | 4 |  4.8
Fighting       | |  2.0
Dodging        | |  1.5
Stealth        | |  1.5

Action                     || total
---------------------------++-------
   Fire: Shortbow          ||    66
Ability: Spit Poison       ||    29
    Use: Scroll            ||     3
 Armour: Leather armour    ||    13
  Dodge: Dodged            ||    30

Table legend:
 A = Non-vault XP
 B = Vault XP
 C = Vault XP percentage of total XP
 D = Non-vault monster count
 E = Vault monster count
 F = Vault count percentage of total count
                 A         B        C        D         E       F
            +---------+---------+-------+---------+---------+-------
      Total |      52 |      19 |  26.8 |      29 |      10 |  25.6
            +---------+---------+-------+---------+---------+-------
        D:1 |      43 |       0 |   0.0 |      26 |       0 |   0.0
        D:2 |       9 |      19 |  67.9 |       3 |      10 |  76.9
            +---------+---------+-------+---------+---------+-------
